 Dungeon Crawl Stone Soup version 0.22-a0-395-gfed312b (webtiles) character file.

291 4thArraOfDagon the Magician (level 6, -4/41 HPs)
             Began as a Mummy Fire Elementalist on May 3, 2018.
             Hit by a steel javelin thrown by an orc (18 damage)
             ... on level 6 of the Dungeon.
             The game lasted 00:05:22 (1060 turns).

4thArraOfDagon the Magician (MuFE)                  Turns: 1060, Time: 00:05:23

Health: -4/41      AC:  2    Str: 11    XL:     6   Next: 10%
Magic:  5/12       EV: 12    Int: 17    God:
Gold:   144        SH:  0    Dex: 12    Spells: 5/13 levels left

rFire    x . .     SeeInvis .   b - +1 spear
rCold    + . .     Gourm    .   (no shield)
rNeg     + + +     Faith    .   a - +0 robe
rPois    ∞         Spirit   .   (no helmet)
rElec    .         Reflect  .   (no cloak)
rCorr    .         Harm     +   (no gloves)
MR       .....                  (no boots)
Stlth    ++........             f - amulet of harm
HPRegen  0.13/turn              (no ring)
MPRegen  0.13/turn              (no ring)

@: no status effects
A: no food or potions, fire vulnerability, cold resistance 1, negative energy
resistance 3, torment resistance, unbreathing
a: no special abilities


You were on level 6 of the Dungeon.
You were not hungry.

You visited 1 branch of the dungeon, and saw 7 of its levels.

You collected 144 gold pieces.

Inventory:

Hand Weapons
 b - a +1 spear (weapon)
Armour
 a - a +0 robe (worn)
Jewellery
 f - an amulet of harm (around neck)
Wands
 l - a wand of paralysis (13)
 m - a wand of flame (25)
Scrolls
 c - a scroll of remove curse
 e - a scroll of amnesia
 g - 2 scrolls of teleportation
 i - a scroll of enchant weapon


   Skills:
 - Level 1.5 Dodging
 - Level 1.5 Stealth
 + Level 4.2 Spellcasting
 * Level 3.2 Conjurations
 * Level 4.0 Fire Magic


You had 5 spell levels left.
You knew the following spells:

 Your Spells              Type           Power        Failure   Level  Hunger
a - Flame Tongue          Conj/Fire      ###..        3%          1    N/A
b - Conjure Flame         Conj/Fire      ###.....     11%         3    N/A
c - Sticky Flame          Conj/Fire      ###.....     34%         4    N/A

Dungeon Overview and Level Annotations

Branches:
Dungeon (7/15)
 Temple: D:4-7

Altars:
Makhleb
Nemelex Xobeh
Xom
Yredelemnul


Innate Abilities, Weirdness & Mutations

You do not eat or drink.
Your flesh is vulnerable to fire.
You are immune to poison.
Your flesh is cold resistant. (rC+)
You are immune to negative energy. (rN+++)
You are immune to unholy pain and torment.
You can survive without breathing.


Message History

The centaur zombie is engulfed in blazing flames.
You destroy the centaur zombie!
Your Fire Magic skill increases to level 4!
You have reached level 6!
Your experience leads to an increase in your attributes!
Increase (S)trength, (I)ntelligence, or (D)exterity?
You feel clever.
The orc throws a steel javelin.
The steel javelin hits you. The orc hits you with a flail.
The orc throws a steel javelin.
The steel javelin misses you.
Unknown command.
Casting: Flame Tongue (safe; 3% risk of failure)
Confirm with . or Enter, or press ? or * to list all spells.
Aiming: Flame Tongue (safe; 3% risk of failure)
Press: ? - help, Shift-Dir - straight line, f/p - orc
Aim: an orc, wielding a flail (severely wounded)
The flame tongue hits the orc.
You kill the orc!
The orc throws a steel javelin.
The steel javelin hits you!
You die...

#......# #......#
#......# #......#
#......#
#######......##'##
#...@§#...........
##...)'o..........
#....#...........
#....#...........
#....#...........
#####'###...........
#..#........#####...
#..'........# ...
#..#........#...# ..


You could see an orc.

Vanquished Creatures
  A bullfrog (D:6)
  2 centaur zombies (D:6)
  3 hounds
  A worker ant zombie (D:6)
  2 adders (D:3)
  An adder zombie (D:6)
  A dart slug (D:1)
  A leopard gecko (D:3)
  4 orcs (D:6)
  2 bats (D:3)
  3 giant cockroaches
  4 goblins
  2 hobgoblins (D:2)
  2 quokkas
  2 frilled lizards
  4 kobolds
  A leopard gecko zombie (D:5)
  5 rats
41 creatures vanquished.

Notes
Turn   | Place    | Note
-------+----------+-------------------------------------------
     0 | D:1      | 4thArraOfDagon the Mummy Fire Elementalist began the quest for the Orb.
     0 | D:1      | Reached XP level 1. HP: 13/13 MP: 4/4
    70 | D:1      | Reached skill level 1 in Conjurations
   138 | D:2      | Reached XP level 2. HP: 16/19 MP: 0/5
   184 | D:2      | Found a burning altar of Makhleb.
   195 | D:2      | Found a sparkling altar of Nemelex Xobeh.
   357 | D:3      | Reached XP level 3. HP: 22/24 MP: 4/7
   362 | D:3      | Learned a level 3 spell: Conjure Flame
   471 | D:3      | You fall through a shaft!
   472 | D:4      | Found a shimmering altar of Xom.
   489 | D:4      | Noticed a scorpion
   511 | D:5      | Entered Level 5 of the Dungeon
   616 | D:4      | Reached XP level 4. HP: 14/30 MP: 0/9
   624 | D:4      | Learned a level 4 spell: Sticky Flame
   698 | D:5      | Found a basalt altar of Yredelemnul.
   711 | D:5      | Noticed a water moccasin
   746 | D:5      | Sergey: hello
   784 | D:6      | 4thArraOfDagon: hey
   797 | D:6      | Noticed a bullfrog
   809 | D:6      | Killed a bullfrog
   809 | D:6      | Reached XP level 5. HP: 18/35 MP: 5/10
   999 | D:6      | Rhok: hey
  1059 | D:6      | Reached XP level 6. HP: 20/41 MP: 6/12
  1060 | D:6      | Hit by a steel javelin thrown by an orc

Vault maps used:
D:1:      lightli_arrival_quake
D:2:      amethyst_overflow_temple_binary
D:3:      skrybe_limestone_x, nemelex_lonely_heart_becter
D:4:      lemuel_round_altar, first_ration, nzn_random_ring, uniq_edmund
D:5:      kennysheep_little_box, old_standard_altar, nicolae_ru_path_of_blood
D:6:      minmay_temple_entry_butterflies, grunt_decor_one_mirror
D:7:      lemuel_round_altar, dk_noncrumbling_2, uniq_duvessa

Skill      XL: |  1  2  3  4  5 |
---------------+----------------+-----
Conjurations   | 1 2 3 |  3.2
Spellcasting   | 3 4 |  4.2
Fire Magic     | 3 4 |  4.0
Dodging        | |  1.5
Stealth        | |  1.5

Action                   |  1- 3 |  4- 6 || total
-------------------------+-------+-------++-------
Melee: Spear             |    49 |    12 ||    61
 Cast: Flame Tongue      |    31 |    25 ||    56
       Conjure Flame     |       |     3 ||     3
Evoke: Wand              |       |     1 ||     1
  Use: Scroll            |       |     7 ||     7
 Stab: Paralysed         |       |     2 ||     2
Armor: Robe              |     4 |     3 ||     7
Dodge: Dodged            |    41 |    22 ||    63

Table legend:
 A = Spawn XP
 B = Non-spawn XP
 C = Spawn XP percentage of total XP
 D = Spawn monster count
 E = Non-spawn monster count
 F = Spawn count percentage of total count
 G = Total turns spent on level
                    A         B        C        D         E        F      G
               +---------+---------+-------+---------+---------+-------+---------
         Total |       0 |     416 |   0.0 |       0 |      41 |   0.0 |  1060
               +---------+---------+-------+---------+---------+-------+---------
           D:1 |       0 |       7 |   0.0 |       0 |       3 |   0.0 |    97
           D:2 |       0 |      12 |   0.0 |       0 |       9 |   0.0 |   169
           D:3 |       0 |      44 |   0.0 |       0 |      12 |   0.0 |   205
           D:4 |       0 |      47 |   0.0 |       0 |       3 |   0.0 |   159
           D:5 |       0 |      43 |   0.0 |       0 |       2 |   0.0 |   153
           D:6 |       0 |     263 |   0.0 |       0 |      12 |   0.0 |   275
               +---------+---------+-------+---------+---------+-------+---------
